 Dungeon Crawl Stone Soup version 0.31-a0-229-g1fc7ce93e2 (webtiles) character file.

Game seed: 5071325884368163243

1443 qw the Skirmisher (level 8, -1/46 (70) HPs)
             Began as a Minotaur Hexslinger on July 6, 2023.
             Was a Follower of Okawaru.
             Slain by a wight
             ... wielding a +2 trident of protection
              (2 damage)
             ... on level 7 of the Dungeon.
             The game lasted 00:02:45 (7268 turns).

qw the Skirmisher (Minotaur Hexslinger)             Turns: 7268, Time: 00:02:45

HP:   -1/46 (70)    AC:  6    Str: 12    XL:     8   Next: 46%
MP:   8/8           EV: 11    Int: 10    God:    Okawaru [*.....]
Gold: 176           SH:  0    Dex: 16    Spells: 8/9 levels left

rFire   . . .        Y - +1 sling
rCold   . . .        (no shield)
rNeg    . . .        l - +0 ring mail
rPois   .            (helmet restricted)
rElec   .            j - scarf {repulsion}
rCorr   +            g - +0 pair of gloves
SInv    +            (no boots)
Will    .....        (no amulet)
Stlth   +            h - ring of resist corrosion
HPRegen 0.27/turn    e - ring of see invisible
MPRegen 0.11/turn

%: repel missiles
@: very heavily drained
A: horns 2, retaliatory headbutt
a: Renounce Religion, Heroism


You were on level 7 of the Dungeon.
You worshipped Okawaru.
Okawaru was aware of your devotion.
You visited 1 branch of the dungeon, and saw 7 of its levels.

You collected 330 gold pieces.
You spent 154 gold pieces at shops.


Innate Abilities, Weirdness & Mutations

You have a pair of horns on your head.
You reflexively headbutt those who attack you in melee.


   Skills:
 - Level 6.1 Fighting
 + Level 9.2 Ranged Weapons
 - Level 2.8 Armour
 - Level 3.2 Dodging
 - Level 1.0 Spellcasting
 - Level 2.0 Hexes
 - Level 2.0 Invocations


You had 8 spell levels left.
You knew the following spells:

 Your Spells              Type           Power      Damage    Failure   Level
a - Slow                  Hex            16%        N/A       32%         1

Your spell library contained the following spells:

 Spells                   Type           Power      Damage    Failure   Level
 Inner Flame              Hex/Fire       2%         N/A       83%         3
 Portal Projectile        Hex/Tloc       4%         N/A       83%         3
 Cause Fear               Hex            2%         N/A       97%         4

Inventory:

Hand Weapons
 Y - a +1 sling (weapon)
Armour
 g - a +0 pair of gloves (worn)
 j - a scarf of repulsion (worn)
 l - a +0 ring mail (worn)
Jewellery
 e - a ring of see invisible (right hand)
 h - a ring of resist corrosion (left hand)
 n - a ring of resist corrosion
Scrolls
 c - 3 scrolls of identify
Potions
 d - 3 potions of curing
 f - a potion of resistance {unknown}
 i - a potion of cancellation
 k - a potion of invisibility {unknown}
 m - a potion of might {unknown}
 o - a potion of ambrosia {unknown}
 p - a potion of enlightenment {unknown}

Dungeon Overview and Level Annotations

Branches:
Dungeon (7/15)             Temple (0/1) D:5

Altars:
Ashenzari
Cheibriados
Fedhas
Gozag
Kikubaaqudgha
Makhleb
Okawaru
Sif Muna
Trog
Vehumet
Wu Jian
The Shining One

Shops:
D:4 *


Message History

The sling bullet barely misses the wight.
The wight hits you but does no damage.
The orc wizard points at you and mumbles some strange words.
The magic dart hits you but does no damage.
The wight hits you from afar with a +2 trident of protection!
You feel drained.
7264 ||| DRINKING potion of heal wounds.
You feel much better. The wight hits you with a +0 dagger!
The orc wizard gestures at you while chanting.
You are confused.
The wight hits you from afar with a +2 trident of protection!
7265 ||| DRINKING 4 potions of curing.
You feel better.
7265 ||| (to cure confusion)
The wight hits you but does no damage.
The orc wizard hits you with a +0 dagger.
The wight hits you but does no damage.
You shoot a sling bullet.
The sling bullet barely misses the wight.
The wight closely misses you. The orc wizard barely misses you.
You furiously retaliate!
You headbutt the orc wizard.
The wight hits you from afar with a +2 trident of protection!
You shoot a sling bullet.
The sling bullet hits the wight but does no damage.
The wight is almost destroyed.
The wight hits you but does no damage.
The orc wizard hits you but does no damage.
The wight barely misses you.
You shoot a sling bullet.
The sling bullet hits the wight but does no damage.
The wight is almost destroyed.
The wight closely misses you. You furiously retaliate!
You headbutt the wight.
You destroy the wight!
Okawaru accepts your kill.
You can now gain great but temporary skills.
The orc wizard closely misses you. You furiously retaliate!
You headbutt the orc wizard.
The wight hits you from afar with a +2 trident of protection!
You feel drained.
You die...

#.....#
##########.....#########
........................
###....................#
....###.##......##......
##### #.##......#.......
..######..........
..##...............
..#....<....@.....!. #.#
.#####.>.)o...... ## ..
#...z.)....... ..
............... ..
##............# ..
..............# ..
..............# ..
............... ##


You could see a wight and an orc wizard.

Vanquished Creatures
  2 ice beasts (D:5)
  An ogre (D:5)
  2 phantoms
  A bullfrog (D:7)
  A kobold brigand (D:6)
  2 scorpions
  A wight (D:7)
  2 hounds (D:5)
  2 jellies
  A gnoll bouda (D:5)
  2 orc priests
  Terence (D:2)
  Natasha (thrice) (D:2)
  An iguana (D:4)
  4 orc wizards
  9 gnolls
  10 adders
  A shadow imp (D:6)
  A white imp (D:6)
  An ufetubus (D:4)
  2 worms (D:3)
  7 dart slugs
  16 orcs
  4 bats
  7 endoplasms
  5 giant cockroaches
  7 goblins
  8 hobgoblins
  5 jackals (D:1)
  6 quokkas
  7 ball pythons
  9 frilled lizards
  14 kobolds
  2 rats
147 creatures vanquished.

Notes
Turn   | Place    | Note
-------+----------+-------------------------------------------
     0 | D:1      | qw the Minotaur Hexslinger began the quest for the Orb.
     0 | D:1      | Reached XP level 1. HP: 16/16 MP: 1/1
     0 | D:1      | 0 ||| qw: Version: 0.3-a-46-gb1f654a
     0 | D:1      | 0 ||| qw: Game counter: 1417
     0 | D:1      | 0 ||| qw: Melee chars always use a shield: true
     0 | D:1      | 0 ||| qw: God list: Okawaru
     0 | D:1      | 0 ||| qw: Allow faded altars: false
     0 | D:1      | 0 ||| qw: Do Orc after clearing Dungeon:15 true
     0 | D:1      | 0 ||| qw: Do second Lair branch before Depths: true
     0 | D:1      | 0 ||| qw: Lair rune preference: random
     0 | D:1      | 0 ||| qw: Goals: Normal
     0 | D:1      | 0 ||| PLANNING D:1-11
    15 | D:1      | HP: 4/16 [gnoll/+0 whip (7)]
    17 | D:1      | Reached skill level 3 in Ranged Weapons
    17 | D:1      | Reached XP level 2. HP: 6/23 MP: 2/2
   325 | D:1      | Reached XP level 3. HP: 29/29 MP: 3/3
   667 | D:1      | Found a faded altar of an unknown god.
   707 | D:1      | Reached skill level 4 in Ranged Weapons
  1084 | D:1      | 1084 ||| UPGRADING to +0 pair of gloves.
  1089 | D:1      | 1089 ||| UPGRADING to +0 leather armour.
  1099 | D:1      | 1099 ||| DROPPING +0 robe.
  1100 | D:1      | 1100 ||| UPGRADING to ring of resist corrosion.
  1101 | D:1      | 1101 ||| READING scroll labelled IDUKAS EP ADULL.
  1102 | D:1      | 1102 ||| DRINKING 2 cyan potions.
  1103 | D:1      | 1103 ||| DROPPING scroll of poison.
  1230 | D:2      | Reached XP level 4. HP: 30/36 MP: 4/4
  1235 | D:2      | HP: 8/36 [dart slug/slug dart (4)]
  1236 | D:2      | 1236 ||| DRINKING potion of heal wounds.
  1470 | D:2      | Reached skill level 5 in Ranged Weapons
  1490 | D:2      | Noticed Natasha
  1501 | D:2      | Killed Natasha
  1590 | D:2      | Reached skill level 3 in Fighting
  1593 | D:2      | Noticed Terence
  1608 | D:2      | HP: 5/38 [Terence/+0 morningstar (9)]
  1610 | D:2      | Killed Terence
  1611 | D:2      | Reached XP level 5. HP: 4/45 MP: 5/5
  1793 | D:2      | Noticed Natasha
  1801 | D:2      | Killed Natasha
  1859 | D:2      | Noticed Natasha
  1866 | D:2      | Killed Natasha
  2235 | D:2      | 2235 ||| READING scroll labelled RUHUGI KILUBA.
  2239 | D:2      | 2239 ||| READING scroll labelled JAAT WETAL.
  2240 | D:2      | 2240 ||| DRINKING 3 metallic puce potions.
  2453 | D:3      | Reached skill level 6 in Ranged Weapons
  2539 | D:3      | Reached skill level 1 in Armour
  2797 | D:3      | Found a bloodstained altar of Trog.
  2804 | D:3      | Found a blossoming altar of Fedhas.
  2805 | D:3      | Found an ancient bone altar of Kikubaaqudgha.
  2806 | D:3      | Found an ornate altar of the Wu Jian Council.
  2806 | D:3      | Found a broken altar of Ashenzari.
  2806 | D:3      | Found a snail-covered altar of Cheibriados.
  2806 | D:3      | Found an iron altar of Okawaru.
  2807 | D:3      | 2807 ||| PLANNING OKAWARU WORSHIP
  2807 | D:3      | 2807 ||| UPGRADING to scarf of repulsion.
  2812 | D:3      | 2812 ||| READING scroll labelled FATOIDA TOULL.
  2812 | D:3      | Found a burning altar of Makhleb.
  2812 | D:3      | Found a glowing golden altar of the Shining One.
  2812 | D:3      | Found a radiant altar of Vehumet.
  2812 | D:3      | Found an opulent altar of Gozag.
  2816 | D:3      | Became a worshipper of Warmaster Okawaru
  2817 | D:3      | 2817 ||| PLANNING D:1-11
  3153 | D:3      | 3153 ||| UPGRADING to +0 ring mail.
  3163 | D:3      | 3163 ||| DROPPING +0 leather armour.
  3164 | D:3      | 3164 ||| UPGRADING to ring of see invisible.
  3304 | D:4      | Found Miuqoisch's General Store.
  3318 | D:4      | 3318 ||| BUYING potion of cancellation (112 gold).
  3318 | D:4      | Bought a potion of cancellation for 112 gold pieces
  3318 | D:4      | 3318 ||| BUYING potion of curing (42 gold).
  3318 | D:4      | Bought a potion of curing for 42 gold pieces
  3318 | D:4      | 3318 ||| SHOPLISTING potion of heal wounds (70 gold, have
                  | 6).
  3343 | D:4      | Reached XP level 6. HP: 30/53 MP: 6/6
  3648 | D:4      | Found a shimmering blue altar of Sif Muna.
  4522 | D:4      | 4522 ||| READING scroll labelled ZEPAIF SATELIER.
  4523 | D:4      | 4523 ||| READING 2 scrolls of identify.
  4523 | D:4      | 4523 ||| IDENTIFYING metallic emerald potion
  4524 | D:4      | 4524 ||| DROPPING potion of lignification.
  4548 | D:5      | Entered Level 5 of the Dungeon
  4551 | D:5      | 4551 ||| STAIRDANCE
  4681 | D:5      | Reached skill level 7 in Ranged Weapons
  4799 | D:5      | 4799 ||| Stepping ~*~*~tactically~*~*~ (outnumbered).
  4800 | D:5      | 4800 ||| Stepping ~*~*~tactically~*~*~ (outnumbered).
  4807 | D:5      | 4807 ||| DRINKING 4 potions of curing.
  4807 | D:5      | 4807 ||| (to cure confusion)
  4812 | D:5      | Reached XP level 7. HP: 59/60 MP: 7/7
  4854 | D:5      | Reached * piety under Okawaru
  4941 | D:5      | 4941 ||| INVOKING Heroism.
  4942 | D:5      | 4942 ||| INVOKING Heroism.
  5208 | D:5      | Reached skill level 8 in Ranged Weapons
  5232 | D:5      | 5232 ||| READING scroll labelled TIPLEHAL LEZA.
  5263 | D:5      | 5263 ||| INVOKING Heroism.
  5278 | D:5      | 5278 ||| DRINKING 3 potions of curing.
  5278 | D:5      | 5278 ||| (to cure confusion)
  5282 | D:5      | 5282 ||| FLEEEEING.
  5286 | D:5      | 5286 ||| INVOKING Heroism.
  5297 | D:5      | HP: 15/60 [ice beast (1)]
  5297 | D:5      | HP: 2/60 [ice beast (13)]
  5298 | D:5      | 5298 ||| READING scroll of teleportation.
  5569 | D:5      | 5569 ||| INVOKING Heroism.
  5785 | D:5      | Found a staircase to the Ecumenical Temple.
  5860 | D:5      | Reached XP level 8. HP: 42/68 MP: 8/8
  6173 | D:5      | 6173 ||| INVOKING Heroism.
  6330 | D:6      | 6330 ||| STAIRDANCE
  6414 | D:6      | Reached skill level 9 in Ranged Weapons
  6634 | D:6      | Reached skill level 1 in Invocations
  6829 | D:6      | 6829 ||| INVOKING Heroism.
  6836 | D:6      | Reached skill level 3 in Dodging
  6967 | D:6      | 6967 ||| DROPPING amulet of guardian spirit.
  6968 | D:6      | 6968 ||| READING 2 scrolls labelled YWYIPL AN FOR.
  6969 | D:6      | 6969 ||| READING scroll labelled WEAVUPLAMEB.
  6970 | D:6      | 6970 ||| DRINKING 2 gluggy clear potions.
  6971 | D:6      | 6971 ||| DROPPING potion of attraction.
  6972 | D:6      | 6972 ||| DROPPING scroll of amnesia.
  7100 | D:7      | 7100 ||| INVOKING Heroism.
  7108 | D:7      | HP: 12/59 [wight/+2 trident of protection (8)]
  7109 | D:7      | 7109 ||| READING scroll of teleportation.
  7110 | D:7      | 7110 ||| DRINKING 4 potions of heal wounds.
  7111 | D:7      | 7111 ||| DRINKING 3 potions of heal wounds.
  7237 | D:7      | Reached skill level 6 in Fighting
  7258 | D:7      | HP: 12/55 [wight/+2 trident of protection (6)]
  7259 | D:7      | 7259 ||| DRINKING 5 potions of curing.
  7259 | D:7      | 7259 ||| (to cure confusion)
  7260 | D:7      | 7260 ||| DRINKING 2 potions of heal wounds.
  7263 | D:7      | HP: 8/50 [wight/+2 trident of protection (11)]
  7263 | D:7      | HP: 3/48 [wight/+2 trident of protection (5)]
  7264 | D:7      | 7264 ||| DRINKING potion of heal wounds.
  7265 | D:7      | 7265 ||| DRINKING 4 potions of curing.
  7265 | D:7      | 7265 ||| (to cure confusion)
  7268 | D:7      | HP: 1/48 [wight/+2 trident of protection (8)]
  7268 | D:7      | Slain by a wight

Levels and vault maps discovered:
D:1:      psy_arrival_whirlpool, layout_basic, ebering_ecumenical_altar_mist,
          nrook_mini_backslash, minmay_misc_feat_room
D:2:      layout_basic, uniq_natasha, uniq_terence, uniq_crazy_yiuf_cottage
D:3:      layout_loops_ring, minitemple, grunt_ministairs_9
D:4:      layout_basic, kennysheep_mini_moat, serial_rivers,
          chequers_serial_rivers_micro_c, chequers_serial_rivers_large_b,
          chequers_serial_rivers_large_a, chequers_serial_rivers_small_3,
          serial_shops, nicolae_stop_n_shop_1, hangedman_abyss_or_decor_stagger
D:5:      layout_loops_corners, temple_statues, serial_park_tiny_2, minmay_puff
D:6:      layout_basic
D:7:      layout_rooms

Skill      XL: |  1  2  3  4  5  6  7  8 |
---------------+-------------------------+-----
Ranged Weapons | 3 4 5 6 7 8 9 |  9.2
Fighting       | 2 3 4 5 6 |  6.1
Armour         | 1 2 |  2.8
Invocations    | 2 |  2.0
Dodging        | 3 |  3.2
Spellcasting   | |  1.0
Hexes          | |  2.0

Action                     |  1- 3 |  4- 6 |  7- 9 || total
---------------------------+-------+-------+-------++-------
   Fire: Sling             |   113 |   271 |   245 ||   629
 Invoke: Heroism           |       |       |     7 ||     7
    Use: Potion            |     1 |     3 |     8 ||    12
         Scroll            |     1 |     5 |     5 ||    11
 Armour: Robe              |     4 |       |       ||     4
         Leather armour    |       |    12 |       ||    12
         Ring mail         |       |    37 |    49 ||    86
  Dodge: Dodged            |    33 |    92 |    99 ||   224
         Repelled          |       |     1 |     2 ||     3

Table legend:
 A = Non-vault XP
 B = Vault XP
 C = Vault XP percentage of total XP
 D = Non-vault monster count
 E = Vault monster count
 F = Vault count percentage of total count
                 A         B        C        D         E       F
            +---------+---------+-------+---------+---------+-------
      Total |    1794 |     338 |  15.9 |     136 |      11 |   7.5
            +---------+---------+-------+---------+---------+-------
        D:1 |      72 |       0 |   0.0 |      32 |       0 |   0.0
        D:2 |     149 |      71 |  32.3 |      25 |       2 |   7.4
        D:3 |      62 |       4 |   6.1 |      18 |       2 |  10.0
        D:4 |     278 |       0 |   0.0 |      25 |       0 |   0.0
        D:5 |     651 |     263 |  28.8 |      21 |       7 |  25.0
        D:6 |     302 |       0 |   0.0 |       8 |       0 |   0.0
        D:7 |     280 |       0 |   0.0 |       7 |       0 |   0.0
            +---------+---------+-------+---------+---------+-------
